Map: Base du roi Sejong EC

Players

Worming - Winner!

  • Race: Zerg Zerg
  • League: Diamond

Apophis

  • Race: Zerg Zerg

VOD

Have the link to the VOD?

Description

Time

  • Played on: July 5, 2016, 2:59 p.m.
  • Length: 1:54
Show
View Real Time Build Order
Export as new Build Order

Worming Zerg - Winner!

Build Orders: Hatch First 

Get SALT Encoding   

  12  0:01  Drone  
  13  0:12  Overlord  
  13  0:17  Drone  
  14  0:30  Drone x2  
  14  0:35  Drone  
  17  0:52  Hatchery  
  17  0:55  Drone  
  17  0:58  Drone  
  17  1:02  Extractor  
  17  1:15  Spawning Pool  
  17  1:17  Drone  
  17  1:21  Drone  
  18  1:32  Drone  
Show
View Real Time Build Order
Export as new Build Order

Apophis Zerg 

Build Orders: Hatch First 

Get SALT Encoding   

  12  0:01  Drone  
  13  0:13  Overlord  
  13  0:17  Drone  
  14  0:24  Extractor  
  14  0:25  Drone  
  15  0:31  Drone  
  16  0:37  Drone  
  17  0:55  Hatchery  
  16  1:00  Drone  
  17  1:12  Drone x2, Extractor  
  18  1:19  Spawning Pool  
  18  1:24  Drone  
  18  1:29  Drone  
  19  1:40  Drone  
Tags
 
Add a new tag
Caveats
  • Supply blocks, unpowered buildings, or Contaminate may cause inaccurate times.
  • Supply counts are checked every 10 seconds.